 Dungeon Crawl Stone Soup version 0.28-a0-779-g3d1f99b579 (webtiles) character file.

Game seed: 14059070492704770753

63334 jasper the Grappler (level 14, -7/144 HPs)
             Began as a Demonspawn Cinder Acolyte on Nov 3, 2021.
             Was an Elder of Kikubaaqudgha.
             Mangled by an ettin (9 damage)
             ... on level 2 of the Orcish Mines.
             The game lasted 00:53:28 (36669 turns).

jasper the Grappler (Demonspawn Cinder Acolyte)    Turns: 36669, Time: 00:53:29

Health: -7/144     AC: 27    Str: 12    XL:     14   Next: 67%
Magic:  0/22       EV: 13    Int: 27    God:    Kikubaaqudgha [****..]
Gold:   2069       SH:  4    Dex:  8    Spells: 1/24 levels left

rFire   + . .      SeeInvis .     - Unarmed
rCold   + . .      Faith    .   y - +0 buckler
rNeg    + + .      Spirit   +   (armour currently unavailable)
rPois   ∞          Reflect  .   q - +0 helmet
rElec   +          Harm     .   U - scarf {rC+ rF+}
rCorr   .          Rampage  .   (gloves currently unavailable)
Will    ++...                   (boots currently unavailable)
Stlth   +.........              Q - amulet of magic regeneration
HPRegen 0.34/turn               b - ring "Veimpies" {rN+ Str-4 Int+7}
MPRegen 0.61/turn               G - ring of willpower

@: statue-form, hasted, quick
A: slow and powerful, torment resistance 1, boosted hp, hooves 2, powered by
death 1, magic shield, magic regeneration, sturdy frame 3
a: End Transformation, Renounce Religion, Receive Corpses


You were on level 2 of the Orcish Mines.
You worshipped Kikubaaqudgha.
Kikubaaqudgha was greatly pleased with you.
You were a living statue of rough stone.
You visited 4 branches of the dungeon, and saw 23 of its levels.
You also visited: Bailey.

You collected 2316 gold pieces.
You spent 247 gold pieces at shops.

Inventory:

Missiles
 f - 648 stones
 o - 4 throwing nets
 t - 98 poisoned darts
Armour
 e - +0 swamp dragon scales (melded)
 g - a +2 pair of boots (melded)
 q - a +0 helmet (worn)
 y - a +0 buckler (worn)
 U - a scarf of resistance (worn)
 V - the +2 cloak "Oryaq" {rCorr Int-4 SInv}
   (You bought it in a shop on level 10 of the Dungeon)

   Int:       It affects your intelligence (-4).
   SInv:      It lets you see invisible.
   rCorr:     It protects you from acid and corrosion.
Jewellery
 b - the ring "Veimpies" (left fist) {rN+ Str-4 Int+7}
   (You acquired it on level 4 of the Dungeon)

   [ring of positive energy]

   Str:       It affects your strength (-4).
   Int:       It affects your intelligence (+7).
   rN:        It protects you from negative energy.
 i - a ring of magical power
 l - a ring of see invisible
 p - a ring of protection from cold
 u - a ring of protection from cold
 G - a ring of willpower (right fist)
 N - a +6 ring of strength
 Q - an amulet of magic regeneration (around neck)
 S - a +4 ring of protection
 W - a ring of wizardry
Wands
 a - a wand of acid (11)
 c - a wand of flame (19)
 m - a wand of mindburst (14)
 r - a wand of polymorph (24)
 B - a wand of digging (3)
 I - a wand of paralysis (35)
 M - a wand of iceblast (4)
Scrolls
 d - 2 scrolls of enchant armour
 A - 4 scrolls of enchant weapon
 C - 2 scrolls of teleportation
 H - 3 scrolls of holy word
 O - 2 scrolls of immolation
 P - 6 scrolls of identify
 R - a scroll of silence
 T - a scroll of fog
 X - a scroll of amnesia
Potions
 D - a potion of lignification
 E - a potion of haste
 F - a potion of invisibility
 J - 2 potions of ambrosia
 K - a potion of cancellation
 L - a potion of berserk rage
Miscellaneous
 s - a phial of floods
 v - a tin of tremorstones (inert)


   Skills:
 - Level 10.8 Fighting
 - Level 7.0 Armour
 - Level 6.3 Dodging
 - Level 4.0 Shields
 - Level 12.4 Unarmed Combat
 + Level 5.8 Spellcasting
 - Level 3.4 Hexes
 - Level 7.1 Necromancy
 + Level 10.4 Transmutations
 - Level 2.6 Fire Magic
 - Level 3.1 Air Magic
 + Level 7.4 Earth Magic


You had one spell level left.
You knew the following spells:

 Your Spells              Type           Power      Damage    Failure   Level
a - Animate Skeleton      Necr           92%        N/A       1%          1
b - Vampiric Draining     Necr           46%        2d9       1%          3
c - Statue Form           Tmut/Erth      36%        N/A       26%         6
d - Tukima's Dance        Hex            26%        N/A       4%          3
e - Swiftness             Air            24%        N/A       5%          3
f - Blade Hands           Tmut           29%        N/A       2%          5
g - Sublimation of Blood  Necr           46%        N/A       1%          2

Your spell library contained the following spells:

 Spells                   Type           Power      Damage    Failure   Level
 Pain                     Necr           100%       1d9       1%          1
 Foxfire                  Conj/Fire      60%        2x1d7     3%          1
 Shock                    Conj/Air       64%        1d7       3%          1
 Magic Dart               Conj           28%        1d4       7%          1
 Corpse Rot               Necr/Air       70%        N/A       1%          2
 Wereblood                Tmut           59%        N/A       1%          2
 Petrify                  Tmut/Erth      54%        N/A       1%          4
 Spider Form              Tmut/Pois      36%        N/A       2%          3
 Scorch                   Fire           44%        2d7       3%          2
 Ignite Poison            Fire/Tmut/Pois 31%        N/A       3%          3
 Dispel Undead            Necr           46%        3d18      3%          4
 Ensorcelled Hibernation  Hex/Ice        34%        N/A       4%          2
 Poisonous Vapours        Pois/Air       32%        N/A       5%          2
 Inner Flame              Hex/Fire       24%        N/A       5%          3
 Lee's Rapid Deconstruct  Erth           23%        3d14*     9%          5
 Searing Ray              Conj           14%        2d5       10%         2
 Portal Projectile        Hex/Tloc       34%        N/A       10%         3
 Summon Guardian Golem    Hex/Summ       17%        N/A       10%         3
 Borgnjor's Vile Clutch   Necr/Erth      23%        N/A       10%         5
 Excruciating Wounds      Necr           23%        N/A       10%         5
 Conjure Flame            Conj/Fire      15%        6-21      12%         3
 Airstrike                Air            12%        N/A       19%         4
 Irradiate                Conj/Tmut      18%        3d19      22%         5
 Fulminant Prism          Conj/Hex       8%         3d7       32%         4
 Flame Wave               Conj/Fire      15%        3d5       36%         4
 Silence                  Hex/Air        12%        N/A       43%         5
 Death Channel            Necr           23%        N/A       47%         6
 Passage of Golubria      Tloc           7%         N/A       54%         4
 Summon Ice Beast         Ice/Summ       7%         N/A       54%         4
 Summon Mana Viper        Hex/Summ       17%        N/A       65%         5
 Lightning Bolt           Conj/Air       8%         1d20      67%         5
 Fireball                 Conj/Fire      7%         3d5       71%         5
 Iskenderun's Battlesphe  Conj           7%         2d6       88%         5
 Summon Forest            Summ/Tloc      3%         N/A       88%         5
 Simulacrum               Ice/Necr       13%        N/A       93%         6
 Conjure Ball Lightning   Conj/Air       8%         3x3d6     99%         6
 Summon Cactus Giant      Summ           3%         N/A       100%        6
 Monstrous Menagerie      Summ           3%         N/A       100%        7
 Orb of Destruction       Conj           3%         9d1       100%        7
 Lehudib's Crystal Spear  Conj/Erth      13%        10d5      100%        8
 Necromutation            Tmut/Necr      26%        N/A       100%        8


Dungeon Overview and Level Annotations

Branches:
Dungeon (14/15)            Temple (1/1) D:6            Lair (6/6) D:11
 Shoals (0/4) Lair:2        Snake (0/4) Lair:2        Slime (0/5) Lair:6
    Orc (2/2) D:12            Elf (0/3) Orc:2        Bailey (visited)
 Vaults: D:13-14

Altars:
Ashenzari
Cheibriados
Dithmenos
Elyvilon
Fedhas
Gozag
Hepliaklqana
Kikubaaqudgha
Makhleb
Nemelex Xobeh
Okawaru
Qazlal
Ru
Sif Muna
Trog
Uskayaw
Vehumet
Wu Jian
Xom
Yredelemnul
Zin
The Shining One
Beogh

Shops:
D:10 [   Orc:2 [

Annotations:
D:5 1 exclusion
D:9 frimble's ghost, novice TrWr
D:11 exclusion: 2 doors
Lair:3 3 runed translucent doors, Omnamae's ghost, journeyman MiBe


Innate Abilities, Weirdness & Mutations

You are a living statue of rough stone.
Your actions are slow, but your melee attacks are powerful.
You are resistant to unholy torment.
Your maximum health is greatly increased.
You are immune to poison.
Your equipment is partially melded.
You have hoof-like feet.
You regenerate a little health from kills.
When hurt, damage is shared between your health and your magic reserves.
You regenerate magic rapidly.
Your movements are significantly less encumbered by armour. (ER -6)


Message History

There are monsters nearby!
Casting: Statue Form (dangerous; 26% risk of failure)
Confirm with . or Enter, or press ? or * to list all spells.
You turn into a living statue of rough stone.
Your +2 pair of boots melds into your body.
Your +0 swamp dragon scales melds into your body.
The cyclops shouts!
You now have 103/144 hp.
The cyclops throws a large rock.
The large rock closely misses you.
The cyclops throws a large rock.
The large rock hits you!
You take 12 damage, and have 91/144 hp.
You now have 10/22 mp.
Found 18 gold pieces.
The ettin hits you with a +0 great mace!!
The ettin barely misses you.
You see here 31 gold pieces.
You take 22 damage, and have 69/144 hp.
You now have 9/22 mp.
The ettin hits you but does no damage. The ettin closely misses you.
The ettin hits you with a +0 great mace!!
The ettin hits you with a +0 great mace.
* * * LOW HITPOINT WARNING * * *
You take 30 damage, and have 40/144 hp.
MASSIVE DAMAGE!!
You now have 6/22 mp.
The ettin hits you but does no damage.
The ettin hits you with a +0 great mace.
* * * LOW HITPOINT WARNING * * *
You take 3 damage, and have 38/144 hp.
The ettin hits you with a +0 great mace!!
* * * LOW HITPOINT WARNING * * *
The ettin hits you with a +0 great mace!!
* * * LOW HITPOINT WARNING * * *
You take 38 damage, and have 1/144 hp.
MASSIVE DAMAGE!!
You now have 0/22 mp.
Okay, then.
Okay, then.
Okay, then.
Casting: Statue Form (dangerous; 26% risk of failure)
Confirm with . or Enter, or press ? or * to list all spells.
Okay, then.
You feel yourself speed up. The ettin closely misses you.
The ettin hits you with a +0 great mace!
You die...
Kikubaaqudgha rasps: "You have failed me!
Welcome... oblivion!"

###......††..# .#
##........>.....## #
#<.......###.....##
#...<...## .......#
#.......# #.....#..
#.......####.....# # $.
#................# ###....
##...............# ...#...
###.........8# ###...P...
##........C# #...P.....
#........C## #.........
##.........###.......P.
#...............$.P......
#...............C......∩.8
................$.P.......
#......##.................
#.....######.....##.......


You could see an ettin and a cyclops.

Vanquished Creatures
  Gastronok (Lair:2)
  4 hydras
  Harold (D:9)
  A boulder beetle (D:12)
  3 centaur warriors
  2 catoblepae (Lair:5)
  3 two-headed ogres
  An orc high priest (Orc:1)
  Sonja (Lair:5)
  A glowing orange brain (shapeshifter) (D:13)
  A lindwurm (Lair:4)
  A cyclops (D:12)
  An orc knight (Bailey)
  4 ugly things
  2 manticores (Lair:5)
  2 orc sorcerers (Orc:1)
  4 centaur zombies
  A cyclops (shapeshifter) (D:10)
  A large abomination (Lair:6)
  A merfolk siren (Lair:2)
  7 elephants (Lair:6)
  The ghost of mandarbmax the Shooter, a novice MiHu of Okawaru (D:5)
  5 black mambas
  The ghost of flotson the Sneak, a novice FoDe of Okawaru (D:4)
  A gargoyle (D:11)
  A torpor snail (Lair:5)
  Maggie (D:8)
  An unseen horror (shapeshifter) (D:13)
  12 cane toads
  7 komodo dragons
  2 rime drakes (Lair:4)
  An unseen horror (D:10)
  A kobold demonologist (D:10)
  2 freezing wraiths
  An efreet (D:13)
  An ancient zyme (Lair:6)
  3 trolls
  A troll (shapeshifter) (D:13)
  4 meliai
  20 blink frogs
  3 hornets
  7 dream sheep
  9 slime creatures
  2 spriggans
  2 wyverns
  3 shadows
  61 yaks
  A ynoxinul (Lair:6)
  3 wraiths
  13 fire elementals
  7 basilisks
  2 chaos spawn (Lair:6)
  6 vampire mosquitoes
  Edmund (D:4)
  3 wargs
  An acid dragon (D:9)
  15 water moccasins
  2 sky beasts
  9 orc warriors
  2 ice beasts (D:7)
  9 black bears
  2 ogres (Orc:1)
  12 wolves
  10 centaurs
  The ghost of McGhostyFace the Magician, an amateur GnWz (D:3)
  3 kobold brigands
  A bullfrog (shapeshifter) (Lair:6)
  12 bullfrogs
  3 gnoll sergeants
  2 scorpions
  A water moccasin zombie (D:9)
  5 small abominations (Lair:6)
  7 killer bees
  9 wights (D:8)
  2 electric eels
  3 howler monkeys
  5 jellies
  4 orc priests
  Crazy Yiuf (D:2)
  6 hounds
  2 bullfrog skeletons
  A gnoll shaman (D:10)
  An iguana (D:6)
  Terence (D:3)
  7 orc wizards
  2 hound skeletons
  12 gnolls
  3 adders
  A howler monkey skeleton (D:5)
  2 shadow imps
  An adder zombie (D:5)
  3 worms
  4 dart slugs
  32 orcs
  2 bats
  13 endoplasms
  4 giant cockroaches
  12 hobgoblins
  4 jackals (D:3)
  26 kobolds
  3 quokkas
  4 ball pythons
  3 frilled lizards
  11 goblins
  12 rats
525 creatures vanquished.

Vanquished Creatures (collateral kills)
  3 two-headed ogres
3 creatures vanquished.

Vanquished Creatures (others)
  3 dancing weapons
  A quokka (D:7)
  157 foxfires
  39 fungi
  61 plants
261 creatures vanquished.

Grand Total: 789 creatures vanquished

Notes
Turn   | Place    | Note
-------+----------+-------------------------------------------
     0 | D:1      | jasper the Demonspawn Cinder Acolyte began the quest for
                  | the Orb.
     0 | D:1      | Reached XP level 1. HP: 18/18 MP: 2/2
    75 | D:1      | Reached skill level 3 in Unarmed Combat
   287 | D:1      | Gained mutation: You regenerate a little health from kills.
                  | [demonic ancestry]
   287 | D:1      | Reached XP level 2. HP: 24/24 MP: 3/3
   535 | D:1      | Reached XP level 3. HP: 23/29 MP: 4/4
  1140 | D:2      | Found a faded altar of an unknown god.
  1817 | D:2      | Found a runed translucent door.
  1818 | D:2      | Noticed Crazy Yiuf
  1844 | D:2      | Killed Crazy Yiuf
  1845 | D:2      | Reached skill level 4 in Unarmed Combat
  1845 | D:2      | Reached XP level 4. HP: 37/37 MP: 5/5
  2225 | D:3      | Noticed McGhostyFace's ghost (amateur GnWz)
  2244 | D:3      | Found a runed translucent door.
  2760 | D:3      | Noticed Terence
  2778 | D:3      | Killed Terence
  2779 | D:3      | Gained mutation: You have large cloven feet. [demonic
                  | ancestry]
  2779 | D:3      | Reached XP level 5. HP: 22/41 MP: 6/6
  3298 | D:3      | Killed McGhostyFace's ghost
  3299 | D:3      | Reached skill level 5 in Unarmed Combat
  3371 | D:4      | Noticed Edmund
  3374 | D:4      | Gained mutation: Your movements are slightly less
                  | encumbered by armour. (ER -2) [demonic ancestry]
  3374 | D:4      | Reached XP level 6. HP: 49/49 MP: 7/7
  3379 | D:4      | Killed Edmund
  3527 | D:4      | Found a runed translucent door.
  3527 | D:4      | Noticed flotson's ghost (novice FoDe)
  4073 | D:4      | Learned a level 1 spell: Animate Skeleton
  4381 | D:4      | Killed flotson's ghost
  4382 | D:4      | Reached skill level 5 in Fighting
  4382 | D:4      | Reached skill level 1 in Armour
  4382 | D:4      | Reached skill level 6 in Unarmed Combat
  4382 | D:4      | Reached XP level 7. HP: 49/56 MP: 8/8
  4500 | D:5      | Entered Level 5 of the Dungeon
  4552 | D:4      | Identified a scroll of acquirement
  4552 | D:4      | Acquired the ring "Veimpies" {rN+ Str-4 Int+7}
  4751 | D:5      | Found a runed translucent gate.
  4751 | D:5      | Found a runed translucent gate.
  4751 | D:5      | Found a runed translucent gate.
  4751 | D:5      | Noticed mandarbmax's ghost (novice MiHu)
  4995 | D:5      | Noticed a moth of wrath
  4998 | D:5      | Found a bloodstained altar of Trog.
  5873 | D:6      | Noticed a two-headed ogre
  5887 | D:6      | HP: 2/57 [two-headed ogre (16)]
  5891 | D:6      | Noticed a yak
  5891 | D:6      | Noticed a yak
  5892 | D:6      | Noticed a yak
  5910 | D:6      | Killed a two-headed ogre
  5911 | D:6      | Reached skill level 7 in Unarmed Combat
  5911 | D:6      | Gained mutation: Your movements are less encumbered by
                  | armour. (ER -4) [demonic ancestry]
  5911 | D:6      | Reached XP level 8. HP: 8/65 MP: 9/9
  6314 | D:6      | Reached skill level 8 in Unarmed Combat
  6734 | D:5      | Gained mutation: You regenerate magic rapidly. [demonic
                  | ancestry]
  6734 | D:5      | Reached XP level 9. HP: 32/71 MP: 10/10
  6906 | D:5      | Learned a level 3 spell: Vampiric Draining
  7111 | D:5      | Reached skill level 1 in Dodging
  7111 | D:5      | Reached skill level 1 in Necromancy
  7205 | D:6      | Found a hazy altar of Hepliaklqana.
  7293 | D:6      | Reached skill level 9 in Unarmed Combat
  7776 | D:6      | Found a blossoming altar of Fedhas.
  8018 | D:6      | Found a staircase to the Ecumenical Temple.
  8042 | Temple   | Entered the Ecumenical Temple
  8874 | D:7      | Learned a level 2 spell: Scorch
  8878 | D:7      | Learned a level 3 spell: Tukima's Dance
  9325 | D:7      | Noticed a troll
  9327 | D:7      | Noticed a four-headed hydra
  9328 | D:7      | Noticed a two-headed ogre
  9699 | D:8      | Gained mutation: Your movements are significantly less
                  | encumbered by armour. (ER -6) [demonic ancestry]
  9699 | D:8      | Reached XP level 10. HP: 56/79 MP: 2/11
  9976 | D:8      | Found a flagged portal.
 10015 | Bailey   | Entered a bailey
 10371 | Bailey   | Noticed an orc knight
 10384 | Bailey   | Killed an orc knight
 10476 | D:8      | Noticed Maggie
 10506 | D:8      | Killed Maggie
 10507 | D:8      | Reached skill level 10 in Unarmed Combat
 11493 | D:8      | Found an ancient bone altar of Kikubaaqudgha.
 11493 | D:8      | Found a shadowy altar of Dithmenos.
 11500 | D:8      | Found an opulent altar of Gozag.
 11504 | D:8      | Found an iron altar of Okawaru.
 12025 | D:9      | Noticed a two-headed ogre
 12043 | D:9      | Killed a two-headed ogre
 12198 | D:9      | Noticed a two-headed ogre
 12209 | D:9      | Killed a two-headed ogre
 12340 | D:9      | Noticed Harold
 13554 | D:9      | Found a runed translucent door.
 13558 | D:9      | Noticed frimble's ghost (novice TrWr)
 13563 | D:9      | Identified the +8 spear "Goblinbane" {vorpal, Drain rCorr
                  | Dex+4}
 13598 | D:9      | Reached skill level 5 in Armour
 13773 | D:9      | Killed Harold
 13774 | D:9      | Reached skill level 5 in Necromancy
 14084 | D:10     | Entered Level 10 of the Dungeon
 14123 | D:10     | Reached XP level 11. HP: 54/87 MP: 2/12
 14253 | D:10     | Noticed a two-headed ogre
 14348 | D:10     | Killed a two-headed ogre
 14349 | D:10     | Reached skill level 11 in Unarmed Combat
 14683 | D:11     | Noticed a two-headed ogre
 14694 | D:11     | Killed a two-headed ogre
 15133 | D:11     | Reached skill level 1 in Shields
 15715 | D:11     | Noticed a cyan ugly thing
 15733 | D:11     | Killed a cyan ugly thing
 16789 | D:11     | Noticed a boulder beetle
 16829 | D:11     | Found a staircase to the Lair.
 16905 | D:11     | Learned a level 3 spell: Swiftness
 16908 | Lair:1   | Entered Level 1 of the Lair of Beasts
 17131 | Lair:1   | Reached skill level 10 in Fighting
 17465 | Lair:1   | Learned a level 5 spell: Blade Hands
 17616 | Lair:1   | Noticed a four-headed hydra
 17632 | Lair:1   | Killed a four-headed hydra
 17633 | Lair:1   | Reached skill level 1 in Transmutations
 17633 | Lair:1   | Reached skill level 1 in Air Magic
 18230 | Lair:1   | Gained mutation: When hurt, damage is shared between your
                  | health and your magic reserves. [demonic ancestry]
 18230 | Lair:1   | Reached XP level 12. HP: 79/97 MP: 19/19
 18240 | Lair:1   | Reached skill level 5 in Spellcasting
 18830 | Lair:1   | Noticed a four-headed hydra
 18853 | Lair:1   | Killed a four-headed hydra
 20217 | Lair:2   | Noticed Gastronok
 20278 | Lair:2   | Killed Gastronok
 20279 | Lair:2   | Reached skill level 5 in Transmutations
 20577 | Lair:2   | Found a staircase to the Snake Pit.
 21205 | Lair:2   | Found a staircase to the Shoals.
 22198 | Lair:3   | Found a runed translucent gate.
 22202 | Lair:3   | Found a runed translucent gate.
 22203 | Lair:3   | Found a runed translucent gate.
 22205 | Lair:3   | Noticed Omnamae's ghost (journeyman MiBe)
 22206 | Lair:3   | Noticed a seven-headed hydra
 22967 | Lair:4   | Got Wenoq's Incunabulum of Feathery Stones
 22994 | Lair:4   | Noticed a four-headed hydra
 23000 | Lair:4   | Killed a four-headed hydra
 23001 | Lair:4   | Reached XP level 13. HP: 97/103 MP: 18/20
 24183 | D:8      | Fell from the grace of Ignis
 24183 | D:8      | Became a worshipper of Kikubaaqudgha
 24904 | D:5      | Reached skill level 10 in Transmutations
 24925 | D:5      | Killed mandarbmax's ghost
 25171 | D:6      | Reached skill level 5 in Dodging
 25682 | D:9      | HP: 2/103 [spriggan (6)]
 26499 | D:10     | Found Yrhouk's Antique Armour Shop.
 26512 | D:10     | Bought an ichor-stained cloak for 247 gold pieces
 26512 | D:10     | Identified the +2 cloak "Oryaq" {rCorr Int-4 SInv} (You
                  | bought it in a shop on level 10 of the Dungeon)
 26575 | D:10     | Reached * piety under Kikubaaqudgha
 26575 | D:10     | Received a gift from Kikubaaqudgha
 26617 | D:10     | Learned a level 2 spell: Sublimation of Blood
 26672 | D:10     | You fall into a shaft and drop 3 floors!
 27529 | D:13     | You fall into a shaft and drop 1 floor!
 27728 | D:14     | Found a stormy altar of Qazlal.
 27997 | D:13     | Reached skill level 12 in Unarmed Combat
 30051 | Lair:5   | Reached ** piety under Kikubaaqudgha
 30065 | Lair:4   | Was forgiven by Ignis
 30558 | Lair:5   | Acquired the Disquisition on Transformation and Curses
 31077 | Lair:5   | Gained mutation: You have hoof-like feet. [demonic
                  | ancestry]
 31077 | Lair:5   | Reached XP level 14. HP: 78/111 MP: 13/21
 31461 | Lair:5   | Learned a level 6 spell: Statue Form
 31473 | Lair:5   | Noticed Sonja
 31482 | Lair:5   | Killed Sonja
 31498 | Lair:5   | Reached skill level 1 in Earth Magic
 32662 | Lair:6   | Entered Level 6 of the Lair of Beasts
 33072 | Lair:6   | Reached *** piety under Kikubaaqudgha
 33072 | Lair:6   | Received a gift from Kikubaaqudgha
 33379 | Lair:6   | Reached skill level 5 in Earth Magic
 33491 | Lair:6   | Found a staircase to the Slime Pits.
 34858 | Lair:6   | Reached **** piety under Kikubaaqudgha
 35224 | D:12     | Found a staircase to the Orcish Mines.
 35923 | Orc:1    | Entered Level 1 of the Orcish Mines
 36467 | Orc:2    | Entered Level 2 of the Orcish Mines
 36471 | Orc:2    | Found a staircase to the Elven Halls.
 36657 | Orc:2    | Found Cykylo's Antique Armour Shop.
 36668 | Orc:2    | HP: 1/144 [ettin (22)]
 36669 | Orc:2    | Mangled by an ettin

Illustrated notes

Levels and vault maps discovered:
D:1:      amcnicky_arrival_underground_garden, layout_basic,
          wad_floor_pattern_1, st_stairs_11, minmay_misc_feat_cross
D:2:      layout_loops_ring, chequers_ecumenical_altar_island, minivault_27,
          uniq_crazy_yiuf_cottage
D:3:      layout_loops_ring, hellmonk_ghost_happy_afterlife,
          minmay_diced_spiral, uniq_terence
D:4:      layout_basic, gammafunk_ghost_grave, uniq_edmund
D:5:      layout_basic, tgw_trog, biasface_ghost_orc_armoury,
          grunt_decor_mini_mirrors, kennysheep_decorative_pillar
D:6:      layout_loops_ring, nzn_hepliaklqana_mist_gate, tso_altar,
          fedhas_altar_fruit_tree, minmay_temple_entry_nine_rooms,
          nicolae_ossuary_entry_monument, serial_park_tiny_1
D:7:      minmay_blocky_corners, layout_cave_pools, elyvilon_altar_4
D:8:      layout_basic, chequers_temple_overflow_minitemple, enter_bailey_2,
          uniq_maggie
D:9:      layout_roguey, ebering_ghost_funeral_grove, kennysheep_cluttered_room,
          minmay_misc_feat_room, uniq_harold
D:10:     minmay_ornate_pinched, layout_basic, serial_shops, shop_fountains
D:11:     layout_stronghold, grunt_lair_entry_orc_guard_hut
D:12:     layout_irregular_city, orc_0_dummy
D:13:     layout_stronghold
D:14:     evilmike_halls_of_destruction, layout_long_grid,
          grunt_vaults_entry_fortified, nicolae_qazlal_general_emergency,
          uniq_frances
Temple:   hc_temple_tempest_star
Lair:1:   cheibrodos_lair_river_kwai, layout_loops_ring, lemuel_fruit_tree
Lair:2:   layout_cave_pods, elwin_shoals_entry_rooms, dummy_snake_entry,
          uniq_gastronok
Lair:3:   layout_regular_city, gammafunk_ghost_split
Lair:4:   cheibrodos_lair_overgrown_chateau, layout_regular_city
Lair:5:   nzn_motion_control, layout_cave_pods, lemuel_fruit_fields,
          grunt_megastairs_5, uniq_sonja
Lair:6:   hellmonk_lair_end_abyssal_woods, layout_gridlike,
          nicolae_slime_entry_slimehenge
Orc:1:    layout_caves, kennysheep_orc_chapel
Orc:2:    grunt_orc_gardens, layout_diamond_mine, grunt_orc_garden,
          grunt_orc_garden, grunt_orc_garden, grunt_orc_garden, special_room

Skill      XL: |  1  2  3  4  5  6  7  8  9 10 11 12 13 14 |
---------------+-------------------------------------------+-----
Unarmed Combat | 3 4 5 6 7 8 9 10 11 12 | 12.4
Fighting       | 4 5 6 7 8 10 | 10.8
Armour         | 1 3 4 5 6 7 |  7.0
Dodging        | 3 4 6 |  6.3
Necromancy     | 3 5 7 |  7.1
Hexes          | 3 |  3.4
Shields        | 4 |  4.0
Spellcasting   | 4 5 |  5.8
Transmutations | 1 9 10 | 10.4
Air Magic      | 1 3 |  3.1
Earth Magic    | 7 |  7.4
Fire Magic     | |  2.6

Action                   |  1- 3 |  4- 6 |  7- 9 | 10-12 | 13-15 || total
-------------------------+-------+-------+-------+-------+-------++-------
Melee: Unarmed           |   140 |   201 |   373 |   833 |   690 ||  2237
       Punch             |     1 |     1 |     4 |     9 |    17 ||    32
       Kick              |       |     3 |       |       |     3 ||     6
Throw: Stone             |    28 |       |    14 |       |       ||    42
 Cast: Scorch            |       |       |    23 |    91 |       ||   114
       Tukima's Dance    |       |       |       |    24 |       ||    24
       Vampiric Draining |       |       |       |    35 |     6 ||    41
       Blade Hands       |       |       |       |    13 |    82 ||    95
       Statue Form       |       |       |       |       |     4 ||     4
Invok: Foxfire Swarm     |     3 |     5 |     4 |       |       ||    12
Evoke: Wand              |       |       |    18 |     5 |     9 ||    32
       Tin of tremorston |       |       |       |     3 |     3 ||     6
       Phial of floods   |       |       |       |     1 |       ||     1
  Use: Scroll            |     3 |     2 |     8 |    10 |     6 ||    29
       Potion            |       |     3 |     6 |     7 |     7 ||    23
 Stab: Paralysed         |       |       |       |       |     9 ||     9
Armor: Robe              |    18 |       |       |       |       ||    18
       Chain mail        |       |    52 |       |       |       ||    52
       Scale mail        |       |    43 |    49 |       |       ||    92
       Skin              |       |     4 |       |    37 |    13 ||    54
       Ring mail         |       |       |   154 |    32 |       ||   186
       Swamp dragon scal |       |       |       |   336 |   305 ||   641
Dodge: Dodged            |    60 |    56 |   207 |   494 |   447 ||  1264
Block: Buckler           |       |       |       |    69 |    14 ||    83

Table legend: (Time is in decaauts)
 A = Elapsed time spent in this place.
 B = Non-inter-level travel time spent in this place.
 C = Inter-level travel time spent in this place.
 D = Time resting spent in this place.
 E = Time spent auto-exploring this place.
 F = Levels seen in this place.
 G = Mean time per level.
                   A        B        C        D        E       F      G
               +--------+--------+--------+--------+--------+-----+--------+
         Total |  36421 |  34585 |   1836 |  10381 |  18376 |  24 | 1517.5 |
       Dungeon |  22816 |  21372 |   1444 |   6533 |  11103 |  14 | 1629.7 |
        Temple |    203 |    188 |     15 |      0 |    176 |   1 |  203.0 |
          Lair |  12307 |  11964 |    343 |   3594 |   6641 |   6 | 2051.2 |
  Orcish Mines |    643 |    611 |     32 |      0 |    440 |   2 |  321.5 |
        Bailey |    450 |    450 |      0 |    254 |     15 |   1 |  450.0 |
               +--------+--------+--------+--------+--------+-----+--------+

Top non-repeatable levels by time:
  Lair:5: 3151 daAuts
  Lair:1: 2946 daAuts
    D:11: 2866 daAuts
     D:5: 2482 daAuts
     D:8: 2227 daAuts
     D:6: 2173 daAuts
     D:3: 1707 daAuts
     D:9: 1683 daAuts
  Lair:2: 1674 daAuts
  Lair:4: 1657 daAuts
    D:10: 1559 daAuts
    D:12: 1522 daAuts
  Lair:6: 1462 daAuts
     D:7: 1441 daAuts
     D:4: 1436 daAuts
